 Seeded DCSS version 0.30-a0-528-g8c47a4955b (webtiles) character file.

Game seed: 7827810942158885341 (custom seed)

0 lotusamurai3 the Shield-Bearer (level 1, 16/16 HPs)
             Began as an Octopode Fighter on Dec 24, 2022.
             Quit the game on level 1 of the Dungeon.
             The game lasted 00:00:16 (31 turns).

lotusamurai3 the Shield-Bearer (Octopode Fighter)     Turns: 31, Time: 00:00:17

Health: 16/16      AC:  1    Str: 15    XL:     1   Next: 10%
Magic:  1/1        EV: 13    Int: 10    God:
Gold:   0          SH:  4    Dex: 11    Spells: 0/0 levels left

rFire   . . .      SeeInvis .    a - +0 long sword
rCold   . . .      Faith    .    b - +0 buckler
rNeg    . . .      Spirit   .    (helmet restricted)
rPois   .          Reflect  .    (no amulet)
rElec   .          Harm     .    (no ring)
rCorr   .          Rampage  .    (no ring)
Will    .....                    (no ring)
Stlth   ++                       (no ring)
HPRegen 0.22/turn                (no ring)
MPRegen 0.07/turn                (no ring)
                                 (no ring)
                                 (no ring)

@: no status effects
A: almost no armour, amphibious, 8 rings, camouflage 1, gelatinous body 1,
(nimble swimmer 1), tentacles
a: no special abilities


You were on level 1 of the Dungeon.
You visited 1 branch of the dungeon, and saw 1 of its levels.

Inventory:

Hand Weapons
 a - a +0 long sword (weapon)
Armour
 b - a +0 buckler (worn)
Scrolls
 d - a scroll of acquirement
Potions
 c - a potion of might


   Skills:
 + Level 3.0 Fighting
 + Level 2.0 Long Blades
 + Level 3.0 Dodging
 + Level 0.0 Stealth
 - Level 3.0 Shields


You couldn't memorise any spells.
You didn't know any spells.
Your spell library was empty.

Dungeon Overview and Level Annotations

Branches:
Dungeon (1/15)

Altars:


Innate Abilities, Weirdness & Mutations

You cannot wear most types of armour.
You are amphibious.
You can wear up to eight rings at the same time.
Your skin changes colour to match your surroundings (Stealth+).
Your rubbery body absorbs attacks. (AC +1, EV +1)
((You are camouflaged when in or above water. (Stealth+)))
You have tentacles for arms and can constrict up to eight enemies at once.


Message History

Welcome, lotusamurai3 the Octopode Fighter.
Game seed: 7827810942158885341 (custom seed) Press ? for a list of commands and other information.
Found 3 stones.
Found a staircase leading out of the dungeon.
Your library has no spells.
You open the gate.
There is an open gate here.
You open the huge gate.
There is a huge open gate here.
A frilled lizard comes into view.
Found a stone staircase leading down.
A frilled lizard is nearby!
A frilled lizard is nearby!
A frilled lizard is nearby!
The frilled lizard hisses angrily.
You hit the frilled lizard.
You kill the frilled lizard!
No target in view!
No target in view!
d - a scroll labelled DANLOS IDAIDYTH This is a scroll of acquirement!
Are you sure you want to abandon this character and quit the game? (Confirm with "yes".)

≈≈§§§§≈<≈≈≈§≈§≈#
≈≈§§§≈≈.≈§≈≈§§§#....
≈§≈≈§§§....§§§§#...
≈§.........§§≈§#...
≈§...........§§#..#####
≈.............≈#..#...
##..8.###.8..###....
K#..(........#K#..#
######'''#######@.#
#...........##...#
#...........##..##
###.......###...#
.##'''''##.....# ####
...............##.....
###.#####.#........>..
# #.####........ #.#
#........


There were no monsters in sight!

Vanquished Creatures
  A frilled lizard (D:1)
1 creature vanquished.

Notes
Turn   | Place    | Note
-------+----------+-------------------------------------------
     0 | D:1      | lotusamurai3 the Octopode Fighter began the quest for the
                  | Orb.
     0 | D:1      | Reached XP level 1. HP: 16/16 MP: 1/1
    31 | D:1      | Identified a scroll of acquirement
    31 | D:1      | Quit the game

Illustrated notes

Levels and vault maps discovered:
D:1:      lordsloth_arrival_two_stooges, layout_rooms

Action                   || total
-------------------------++-------
Melee: Long sword        ||     1

Table legend: (Time is in decaauts)
 A = Elapsed time spent in this place.
 B = Non-inter-level travel time spent in this place.
 C = Inter-level travel time spent in this place.
 D = Time resting spent in this place.
 E = Time spent auto-exploring this place.
 F = Levels seen in this place.
 G = Mean time per level.
                   A        B        C        D        E       F      G
               +--------+--------+--------+--------+--------+-----+--------+
         Total |     31 |     31 |      0 |      0 |     19 |   1 |   31.0 |
       Dungeon |     31 |     31 |      0 |      0 |     19 |   1 |   31.0 |
               +--------+--------+--------+--------+--------+-----+--------+

Top non-repeatable levels by time:
     D:1: 31 daAuts
